 Dungeon Sprint DCSS version 0.21-a0-404-g291f19a (webtiles) character file.

37304 Kidiri the Warrior (level 13, -8/119 HPs)
             Began as a Demonspawn Gladiator on Oct 26, 2017.
             Was the Champion of Wu Jian.
             Mangled by an orc knight
             ... wielding a +2 bardiche
              (23 damage)
             ... in the Dungeon (Sprint VII: "The Pits").
             The game lasted 00:26:35 (4689 turns).

Kidiri the Warrior (Demonspawn Gladiator)           Turns: 4689, Time: 00:26:36

Health: -8/119     AC: 12    Str: 18    XL:     13   Next: 57%
Magic:  0/13       EV: 27    Int:  9    God:    Wu Jian [******]
Gold:   21         SH:  0    Dex: 20    Spells: 12/12 levels left

rFire    . . .     SeeInvis .   H - +0 long sword (venom)
rCold    + . .     Gourm    .   (no shield)
rNeg     . . .     Faith    .   t - +0 acid dragon scales
rPois    .         Spirit   +   (helmet restricted)
rElec    .         Reflect  .   (no cloak)
rCorr    +         Harm     .   y - +0 pair of gloves
MR       .....     NoTele   +   (no boots)
Stlth    +++.......             b - amulet of guardian spirit
HPRegen  0.29/turn              v - +3 ring of dexterity
MPRegen  0.13/turn              w - +3 ring of evasion

@: berserk cooldown, slowed, glowing, heavenly storm, very slow
A: horns 2, thin metallic scales 1, cold resistance 1, spiny 3, freezing cloud
immunity
a: Serpent's Lash, Heavenly Storm, Renounce Religion


You were in the Dungeon.
You worshipped Wu Jian.
Wu Jian was exalted by your worship.
You were full.

You visited 1 branch You collected 21 gold pieces.

Inventory:

Hand Weapons
 u - a +1 long sword of flaming
 H - a +0 long sword of venom (weapon)
Missiles
 d - 3 throwing nets
 s - 60 stones (quivered)
Armour
 t - +0 acid dragon scales (worn)
 y - a +0 pair of gloves (worn)
Jewellery
 b - an amulet of guardian spirit (around neck)
 v - a +3 ring of dexterity (left hand)
 w - a +3 ring of evasion (right hand)
 F - an uncursed ring of protection from magic
Wands
 G - a wand of acid (4/15)
Scrolls
 k - 3 scrolls of blinking
 n - 5 scrolls of remove curse
 o - 5 scrolls of amnesia
 p - a scroll of summoning
 A - 2 scrolls of fear
 B - 2 scrolls of enchant weapon
 C - a scroll of fog
 D - 2 scrolls of enchant armour
 E - a scroll of recharging
Potions
 c - a potion of lignification
 e - 8 potions of curing
 h - a potion of haste
 i - 4 potions of magic
 j - a potion of berserk rage
 m - 2 potions of invisibility
 x - 5 potions of might
 z - 3 potions of agility
Comestibles
 a - 2 chunks of flesh
 f - 10 bread rations
 q - 19 fruits
 r - 9 meat rations


   Skills:
 * Level 16.3 Fighting
 * Level 15.3 Long Blades
 + Level 11.3 Throwing
 + Level 11.1 Armour
 * Level 15.3 Dodging
 * Level 16.2 Stealth


You had 12 spell levels left.
You didn't know any spells.

Dungeon Overview and Level Annotations

Branches:
Dungeon (1/1)

Altars:
Ashenzari
Cheibriados
Dithmenos
Elyvilon
Fedhas
Gozag
Hepliaklqana
Kikubaaqudgha
Makhleb
Nemelex Xobeh
Okawaru
Qazlal
Ru
Sif Muna
Trog
Uskayaw
Vehumet
Wu Jian
Xom
Yredelemnul
Zin
The Shining One
Beogh
Jiyva
Lugonu

Annotations:
D exclusions: 9 doors and 8 more exclusions


Innate Abilities, Weirdness & Mutations

You have a pair of horns on your head.
You are partially covered in thin metallic scales. (AC +2)
Your flesh is cold resistant. (rC+)
You are completely covered in sharp spines.
You are immune to freezing clouds.


Message History

The orc knight closely misses you. The orc knight barely misses you.
You see here a death yak corpse.
You butcher the death yak corpse.
The orc warlord roars a battlecry!
The orc knight goes into a battle-frenzy!
The orc knight roars a battlecry!
The orc warlord goes into a battle-frenzy!
Things that are here:
7 inedible chunks of flesh; a death yak skeleton You hear a shout!
The orc knight barely misses you.
Unknown command.
The orc warlord is struck by your spines.
The orc warlord hits you with a long sword of holy wrath!!
* * * LOW HITPOINT WARNING * * *
You convulse!
* * * LOW HITPOINT WARNING * * *
The orc knight hits you from afar with an enchanted bardiche!!
You die...

.........# .........# .#....#..#
.........+ .........+ #++####''#
#++####''########################
.÷...##.......§§§§o§§§...........
#+##.##.......§§@oo§§§.o....[....
#.:+.##..##############'(########
+):#.##..# .Y... #|)%.##..#
YY...# +..#.##..# .Y####
##+#.##..# Y.. .....##).# .o..
#######..# .o.. #######..#


You could see an orc warlord and 2 orc knights.

Vanquished Creatures
  A Tzitzimitl (D)
  A titan (D)
  A deep elf blademaster (D)
  Polyphemus (D)
  A lorocyproca (D)
  Erolcha (D)
  A great orb of eyes (D)
  A hydra (D)
  2 anacondas (D)
  6 death yaks (D)
  A sun demon (D)
  2 deep elf knights (D)
  5 skeletal warriors (D)
  A deep elf archer (D)
  A phantasmal warrior (D)
  5 orc knights (D)
  3 lindwurms (D)
  2 ugly things (D)
  4 deep elf magi (D)
  5 elephants (D)
  2 molten gargoyles (D)
  A guardian serpent (D)
  A rust devil (D)
  A demonic crawler (D)
  An ice devil (D)
  A freezing wraith (D)
  A hellwing (D)
  A merfolk (D)
  Prince Ribbit (D)
  2 jumping spiders (D)
  7 dream sheep (D)
  A snapping turtle (D)
  A hippogriff (D)
  A wandering mushroom (D)
  5 shadows (D)
  A redback (D)
  A tarantella (D)
  A basilisk (D)
  A wraith (D)
  A ynoxinul (D)
  A small abomination (D)
  2 hungry ghosts (D)
  An acid dragon (D)
  4 floating eyes (D)
  2 orc warriors (D)
  A black bear (D)
  An ogre (D)
  A necrophage (D)
  A phantom (D)
  4 wolves (D)
  A big kobold (D)
  3 crocodiles (D)
  An earth elemental (D)
  3 killer bees (D)
  A crimson imp (D)
  A gnoll shaman (D)
  A worker ant (D)
  5 gnolls (D)
  2 adders (D)
  2 river rats (D)
  An ooze (D)
  An adder simulacrum (D)
  2 leopard geckos (D)
  3 orcs (D)
  2 bat skeletons (D)
  A bat zombie (D)
  A giant cockroach (D)
  A hobgoblin (D)
  7 jackals (D)
  A quokka (D)
  3 ball pythons (D)
  2 bats (D)
  A jackal simulacrum (D)
  2 kobolds (D)
143 creatures vanquished.

Vanquished Creatures (others)
  A black mamba (D)
1 creature vanquished.

Grand Total: 144 creatures vanquished

Notes
Turn   | Place    | Note
-------+----------+-------------------------------------------
     0 | D        | Kidiri the Demonspawn Gladiator began the quest for the Orb.
     0 | D        | Reached XP level 1. HP: 16/16 MP: 1/1
    62 | D        | Found a bloodstained altar of Trog.
    62 | D        | Found a deep blue altar of Sif Muna.
    62 | D        | Found a viscous altar of Jiyva.
    62 | D        | Found a hazy altar of Hepliaklqana.
    62 | D        | Found an opulent altar of Gozag.
    63 | D        | Found a glowing golden altar of the Shining One.
    63 | D        | Found a glowing silver altar of Zin.
    63 | D        | Found a basalt altar of Yredelemnul.
    63 | D        | Found a shimmering altar of Xom.
    63 | D        | Found an ornate altar of the Wu Jian Council.
    63 | D        | Found a sacrificial altar of Ru.
    63 | D        | Found a stormy altar of Qazlal.
    63 | D        | Found an iron altar of Okawaru.
    63 | D        | Found a sparkling altar of Nemelex Xobeh.
    63 | D        | Found a burning altar of Makhleb.
    63 | D        | Found a blossoming altar of Fedhas.
    63 | D        | Found a white marble altar of Elyvilon.
    63 | D        | Found a shadowy altar of Dithmenos.
    63 | D        | Found a snail-covered altar of Cheibriados.
    65 | D        | Found a radiant altar of Vehumet.
    65 | D        | Found a corrupted altar of Lugonu.
    65 | D        | Found a roughly hewn altar of Beogh.
    66 | D        | Found a hide-covered altar of Uskayaw.
    66 | D        | Found an ancient bone altar of Kikubaaqudgha.
    66 | D        | Found a shattered altar of Ashenzari.
    72 | D        | Became a worshipper of the Wu Jian Council
    95 | D        | Reached skill level 1 in Stealth
    96 | D        | Reached * piety under Wu Jian
    98 | D        | Reached skill level 1 in Armour
    98 | D        | Gained mutation: You have a pair of small horns on your head. [demonic ancestry]
    98 | D        | Reached XP level 2. HP: 23/23 MP: 2/2
   323 | D        | Reached ** piety under Wu Jian
   437 | D        | Noticed a floating eye
   440 | D        | Paralysed by a floating eye for 2 turns
   444 | D        | Killed a floating eye
   444 | D        | Reached *** piety under Wu Jian
   444 | D        | Gained mutation: You are partially covered in thin metallic scales. (AC +2) [demonic ancestry]
   444 | D        | Reached XP level 3. HP: 31/31 MP: 3/3
   444 | D        | Gained mutation: You are partially covered in sharp spines. [demonic ancestry]
   444 | D        | Reached XP level 4. HP: 38/38 MP: 4/4
   522 | D        | Noticed a wolf
   522 | D        | Noticed an ogre
   523 | D        | Noticed a phantom
   528 | D        | Killed a wolf
   528 | D        | Reached skill level 5 in Fighting
   528 | D        | Reached skill level 5 in Long Blades
   528 | D        | Reached skill level 5 in Dodging
   528 | D        | Reached XP level 5. HP: 36/44 MP: 5/5
   554 | D        | Killed a phantom
   554 | D        | Reached skill level 5 in Stealth
   554 | D        | Gained mutation: You are mostly covered in sharp spines. [demonic ancestry]
   554 | D        | Reached XP level 6. HP: 25/52 MP: 6/6
   658 | D        | Reached **** piety under Wu Jian
   769 | D        | Noticed an acid dragon
   775 | D        | Killed an acid dragon
   775 | D        | Reached ***** piety under Wu Jian
   775 | D        | Gained mutation: Your flesh is cold resistant. (rC+) [demonic ancestry]
   775 | D        | Reached XP level 7. HP: 45/60 MP: 7/7
   855 | D        | Reached skill level 5 in Throwing
   882 | D        | Noticed Prince Ribbit
   884 | D        | Killed Prince Ribbit
   888 | D        | Gained mutation: You are completely covered in sharp spines. [demonic ancestry]
   888 | D        | Reached XP level 8. HP: 62/68 MP: 8/8
  1004 | D        | Noticed a phantasmal warrior
  1004 | D        | Noticed an ice devil
  1006 | D        | Reached skill level 5 in Armour
  1075 | D        | Killed an ice devil
  1080 | D        | Killed a phantasmal warrior
  1331 | D        | Noticed a jumping spider
  1331 | D        | Noticed a demonic crawler
  1333 | D        | Killed a jumping spider
  1333 | D        | Gained mutation: You have a pair of horns on your head. [demonic ancestry]
  1333 | D        | Reached XP level 9. HP: 77/77 MP: 9/9
  1342 | D        | Killed a demonic crawler
  1584 | D        | Noticed a lindwurm
  1588 | D        | Noticed a freezing wraith
  1597 | D        | Killed a lindwurm
  1597 | D        | Reached skill level 10 in Fighting
  1597 | D        | Reached skill level 10 in Stealth
  1600 | D        | Killed a freezing wraith
  2005 | D        | Noticed a merfolk
  2006 | D        | Noticed a molten gargoyle
  2006 | D        | Noticed a hellwing
  2008 | D        | Killed a molten gargoyle
  2008 | D        | Reached skill level 10 in Long Blades
  2008 | D        | Reached skill level 10 in Dodging
  2009 | D        | Killed a hellwing
  2009 | D        | Gained mutation: You are immune to freezing clouds. [demonic ancestry]
  2009 | D        | Reached XP level 10. HP: 86/86 MP: 10/10
  2135 | D        | Noticed a skeletal warrior
  2135 | D        | Noticed a skeletal warrior
  2135 | D        | Noticed a skeletal warrior
  2135 | D        | Noticed a skeletal warrior
  2135 | D        | Noticed a rust devil
  2136 | D        | Noticed a skeletal warrior
  2136 | D        | Noticed a sun demon
  2137 | D        | Killed a skeletal warrior
  2142 | D        | Killed a skeletal warrior
  2153 | D        | HP: 4/88 [sun demon (10)]
  2155 | D        | Killed a skeletal warrior
  2156 | D        | Killed a sun demon
  2159 | D        | Killed a rust devil
  2161 | D        | Killed a skeletal warrior
  2161 | D        | Reached XP level 11. HP: 21/95 MP: 11/11
  2162 | D        | Killed a skeletal warrior
  2162 | D        | Reached ****** piety under Wu Jian
  2461 | D        | Noticed a lindwurm
  2487 | D        | Noticed a lindwurm
  2504 | D        | Killed a lindwurm
  2518 | D        | Killed a lindwurm
  2763 | D        | Noticed Erolcha
  2765 | D        | Killed Erolcha
  2887 | D        | Noticed a deep elf mage
  2890 | D        | Killed a deep elf mage
  3051 | D        | Noticed a deep elf mage
  3052 | D        | Noticed a deep elf archer
  3053 | D        | Noticed a deep elf knight
  3053 | D        | Noticed a deep elf mage
  3055 | D        | Noticed a deep elf knight
  3058 | D        | Killed a deep elf mage
  3061 | D        | Killed a deep elf mage
  3063 | D        | Killed a deep elf knight
  3063 | D        | Killed a deep elf knight
  3079 | D        | Killed a deep elf archer
  3129 | D        | Noticed a death yak
  3129 | D        | Noticed a cyan ugly thing
  3136 | D        | Killed a cyan ugly thing
  3138 | D        | Killed a death yak
  3277 | D        | Noticed an anaconda
  3280 | D        | Noticed a brown ugly thing
  3286 | D        | Reached XP level 12. HP: 106/106 MP: 12/12
  3290 | D        | Killed an anaconda
  3335 | D        | Identified the Compendium of Ashen Shape Shifting (You found it in the Dungeon)
  3454 | D        | Noticed an anaconda
  3474 | D        | Killed an anaconda
  3483 | D        | Noticed Polyphemus
  3501 | D        | Reached skill level 10 in Throwing
  3512 | D        | Noticed a lorocyproca
  3516 | D        | Killed a lorocyproca
  3529 | D        | Killed Polyphemus
  3529 | D        | Reached skill level 10 in Armour
  3537 | D        | Noticed a great orb of eyes
  3537 | D        | Reached skill level 15 in Fighting
  3540 | D        | Killed a great orb of eyes
  3545 | D        | Noticed a five-headed hydra
  3550 | D        | Killed a three-headed hydra
  3550 | D        | Reached skill level 15 in Stealth
  3856 | D        | Noticed a titan
  3857 | D        | Killed a titan
  3857 | D        | Reached XP level 13. HP: 116/116 MP: 13/13
  3872 | D        | Noticed a deep elf blademaster
  3885 | D        | Killed a deep elf blademaster
  4175 | D        | Noticed a Tzitzimitl
  4195 | D        | Killed a Tzitzimitl
  4640 | D        | Noticed an orc warlord
  4662 | D        | Reached skill level 15 in Long Blades
  4662 | D        | Reached skill level 15 in Dodging
  4689 | D        | Mangled by an orc knight

Vault maps used:
D:        pitsprint

Skill      XL: |  1  2  3  4  5  6  7  8  9 10 11 12 13 |
---------------+----------------------------------------+-----
Long Blades    | 3 4 5 6 7 8 10 11 12 14 15 | 15.3
Throwing       | 2 3 4 5 6 7 8 9 10 11 | 11.3
Dodging        | 3 4 5 6 7 8 10 11 12 14 15 | 15.3
Stealth        | 1 4 5 6 7 9 10 11 13 15 16 | 16.2
Armour         | 1 2 3 4 5 6 7 9 10 11 | 11.1
Fighting       | 4 5 6 7 8 9 10 12 13 15 16 | 16.3

Action                   |  1- 3 |  4- 6 |  7- 9 | 10-12 | 13-15 || total
-------------------------+-------+-------+-------+-------+-------++-------
Melee: Falchion          |    18 |       |       |       |       ||    18
       Long sword        |     2 |    24 |    81 |   224 |    71 ||   402
       Headbutt          |       |     7 |    18 |    67 |    17 ||   109
Throw: Stone             |     8 |    10 |       |       |     1 ||    19
Invok: Serpent's Lash    |       |       |     7 |    13 |     3 ||    23
       Heavenly Storm    |       |       |     2 |     7 |     2 ||    11
  Use: Potion            |       |       |     8 |     9 |     2 ||    19
 Stab: Sleeping          |       |     2 |     4 |    12 |     2 ||    20
       Distracted        |       |       |       |     1 |       ||     1
  Eat: Fruit             |       |       |    11 |    10 |       ||    21
Armor: Leather armour    |     4 |     3 |       |       |       ||     7
       Acid dragon scale |       |       |    15 |    31 |     7 ||    53
Dodge: Dodged            |    17 |    20 |    53 |   152 |    45 ||   287
       Rpst.: Falchion   |     6 |       |       |       |       ||     6
       Long sword        |     2 |     4 |     7 |    38 |    11 ||    62

Table legend:
 A = Spawn XP
 B = Non-spawn XP
 C = Spawn XP percentage of total XP
 D = Spawn monster count
 E = Non-spawn monster count
 F = Spawn count percentage of total count
 G = Total turns spent on level
                    A         B        C        D         E        F      G
               +---------+---------+-------+---------+---------+-------+---------
         Total |       0 |   53292 |   0.0 |       0 |     144 |   0.0 |  4689
               +---------+---------+-------+---------+---------+-------+---------
             D |       0 |   53292 |   0.0 |       0 |     144 |   0.0 |  4689
               +---------+---------+-------+---------+---------+-------+---------
